 Dungeon Crawl Stone Soup version 0.31-a0-983-g7b6862f502 (webtiles) character file.

Game seed: 8778886828421065939

65 sokol815 the Chopper (level 4, -5/31 HPs)
             Began as an Octopode Fighter on Nov 2, 2023.
             Slain by a gnoll
             ... wielding a +0 flail
              (9 damage)
             ... on level 3 of the Dungeon.
             The game lasted 00:02:08 (1477 turns).

sokol815 the Chopper (Octopode Fighter)             Turns: 1477, Time: 00:02:09

Health: -5/31      AC:  1    Str: 17    XL:     4   Next: 14%
Magic:  4/4        EV: 13    Int: 10    God:
Gold:   128        SH:  6    Dex: 11    Spells: 3/3 levels left

rFire   . . .        a - +0 war axe
rCold   . . .        g - +2 buckler
rNeg    . . .        (helmet restricted)
rPois   .            (no amulet)
rElec   .            Z - ring of wizardry {Wiz+, !d}
rCorr   .            Q - +4 ring of slaying
SInv    .            (no ring)
Will    .....        (no ring)
Stlth   ++           (no ring)
HPRegen 0.25/turn    (no ring)
MPRegen 0.09/turn    (no ring)
                     (no ring)

%: wizardry (x1)
@: mighty
A: almost no armour, amphibious, 8 rings, camouflage 1, gelatinous body 1,
(nimble swimmer 1), tentacles
a: no special abilities


You were on level 3 of the Dungeon.
You visited 1 branch of the dungeon, and saw 3 of its levels.

You collected 128 gold pieces.

Inventory:

Hand Weapons
 a - a +0 war axe (weapon)
Missiles
 s - 20 stones
Armour
 b - a +0 buckler
 g - a +2 buckler (worn)
   (You found it on level 2 of the Dungeon)
Jewellery
 Q - a +4 ring of slaying (right tentacle)
   (You found it on level 2 of the Dungeon)
 Z - a ring of wizardry (left tentacle) {Wiz+, !d}
   (You found it on level 1 of the Dungeon)
Wands
 q - a wand of flame (26)
   (You found it on level 3 of the Dungeon)
Scrolls
 d - a scroll of enchant weapon {unknown}
 i - a scroll of immolation {unknown}
Potions
 c - a potion of berserk rage {unknown}
 e - a potion of curing {unknown}
 f - 3 potions of attraction {unknown}
 h - 2 potions of mutation {unknown}
 j - a potion of lignification {unknown}


   Skills:
 + Level 3.5 Fighting
 * Level 3.8 Axes
 - Level 3.0 Dodging
 - Level 3.0 Shields


You had 3 spell levels left.
You didn't know any spells.
Your spell library contained the following spells:

 Spells                   Type           Power      Damage    Failure   Level
 Inner Flame              Hex/Fire       0%         N/A       47%         3
 Flame Wave               Conj/Fire      0%         2d4       86%         4
 Sticky Flame             Conj/Fire      0%         2d3       86%         4


Dungeon Overview and Level Annotations

Branches:
Dungeon (3/15) Zot: 16498

Altars:


Innate Abilities, Weirdness & Mutations

You cannot wear most types of armour.
You are amphibious.
You can wear up to eight rings at the same time.
Your skin changes colour to match your surroundings (Stealth+).
Your rubbery body absorbs attacks. (AC +1, EV +1)
((You are camouflaged when in or above water. (Stealth+)))
You have tentacles for arms and can constrict up to eight enemies at once.


Message History

The helpless endoplasm fails to defend itself.
You slash the endoplasm!
You kill the endoplasm!
No target in view!
No target in view!
You see here a +0 leather armour.
Found a stone staircase leading down.
q - a wand of flame (26)
You see here a +0 leather armour.
A hobgoblin comes into view.
A kobold comes into view. It is wielding a +0 short sword.
The hobgoblin shouts!
The kobold shouts!
You hit the hobgoblin but do no damage. You grab the hobgoblin.
You constrict the hobgoblin. The hobgoblin completely misses you.
You slash the hobgoblin!
You kill the hobgoblin!
You closely miss the kobold. You grab the kobold.
Your tentacle-slap misses the kobold.
You squeeze the kobold.
You kill the kobold!
No target in view!
There is a stone staircase leading down here.
You open the door.
A bat comes into view.
There is an open door here.
A ball python comes into view.
The ball python hisses angrily.
The bat misses you.
You hit the bat.
You kill the bat!
You see here a bat corpse.
You slash the ball python!
You kill the ball python!
No target in view!
A worm comes into view.
You hit the worm. You grab the worm. You squeeze the worm.
You constrict the worm. The worm bites you!
You take 9 damage, and have 17/26 hp.
MASSIVE DAMAGE!!
You slash the worm! You squeeze the worm.
You kill the worm!
No target in view!
A frilled lizard comes into view.
Health restored: 26 A goblin comes into view.
It is wielding a +0 dagger.
The goblin shouts!
You hear a shout!
Found a stone staircase leading up.
The frilled lizard hisses angrily.
You slash the goblin!
You kill the goblin!
You hear a shout!
A gnoll comes into view. It is wielding a +0 flail. x3
A gnoll comes into view. It is wielding a +0 club.
The gnoll moves out of view.
The frilled lizard unfolds its giant frill.
The frilled lizard barely misses you.
You miss the frilled lizard.
The gnoll shouts!
Your grab misses the frilled lizard. Your squeeze misses the frilled lizard.
The frilled lizard barely misses you.
A hobgoblin comes into view.
You closely miss the frilled lizard.
The hobgoblin shouts!
Your grab misses the frilled lizard. You squeeze the frilled lizard.
You kill the frilled lizard!
A frilled lizard comes into view.
An endoplasm comes into view.
The endoplasm moves out of view.
You closely miss the gnoll.
The frilled lizard hisses angrily.
You grab the gnoll.
You tentacle-slap the gnoll, but do no damage.
You squeeze the gnoll. You slash the gnoll! You constrict the gnoll.
The gnoll struggles to escape constriction.
The gnoll hits you with a +0 flail!
You take 10 damage, and have 16/26 hp.
MASSIVE DAMAGE!!
You barely miss the gnoll.
The endoplasm quivers.
Your grab misses the gnoll. Your squeeze misses the gnoll. You slash the gnoll!
You hit the gnoll. You constrict the gnoll. The gnoll barely misses you.
You block the gnoll's attack. The gnoll barely misses you.
You hit the gnoll. You grab the gnoll. You hit the gnoll.
You kill the gnoll!
You barely miss the gnoll. You constrict the gnoll.
You block the gnoll's attack. The gnoll misses you.
The gnoll closely misses you. The gnoll hits you with a +0 flail!
* * * LOW HITPOINT WARNING * * *
You take 10 damage, and have 7/26 hp.
MASSIVE DAMAGE!!
You hit the gnoll.
You kill the gnoll!
You closely miss the hobgoblin. You barely miss the gnoll.
The gnoll hits you with a +0 flail.
* * * LOW HITPOINT WARNING * * *
You block the hobgoblin's attack.
You have reached level 4!
You take 3 damage, and have 4/31 hp.
MP restored: 4 You feel very mighty all of a sudden.
The gnoll hits you with a +0 flail!
You die...

#### ##... ####
.....######...# #.
.............# #.
#........<... ###.
..#.........### #...
......g......)+ #...
#.l.g@.###### #...
#.J.g)......# #...
#######.....# #...
#.....########.†
.######.......^..###..
.................'..>.
.###..†..........###.#
#....####..†..# #.#
#.............# #..


You could see 2 gnolls, an endoplasm, a hobgoblin and a frilled lizard.

Vanquished Creatures
  2 gnolls (D:3)
  A worm (D:3)
  A dart slug (D:1)
  6 endoplasms
  A giant cockroach (D:2)
  4 goblins
  3 hobgoblins
  2 jackals (D:1)
  4 ball pythons
  8 bats
  5 frilled lizards
  2 kobolds
  3 rats
42 creatures vanquished.

Notes
Turn   | Place    | Note
-------+----------+-------------------------------------------
     0 | D:1      | sokol815 the Octopode Fighter began the quest for the Orb.
     0 | D:1      | Reached XP level 1. HP: 16/16 MP: 1/1
    37 | D:1      | HP: 4/16 [jackal (3)]
   188 | D:1      | Reached XP level 2. HP: 21/21 MP: 2/2
   188 | D:1      | Found a faded altar of an unknown god.
   430 | D:1      | Reached skill level 3 in Axes
   595 | D:1      | Reached XP level 3. HP: 23/26 MP: 3/3
  1476 | D:3      | HP: 3/26 [gnoll/+0 flail (4)]
  1477 | D:3      | Reached XP level 4. HP: 4/31 MP: 4/4
  1477 | D:3      | Slain by a gnoll

Illustrated notes

Levels and vault maps discovered:
D:1:      onia_arrival_mini_spirals, layout_loops_cross,
          shapermc_ecumenical_altar_totnotflames
D:2:      layout_basic, minmay_crystal_room
D:3:      minmay_chambers_of_threes, layout_basic, uniq_crazy_yiuf_cottage

Skill      XL: |  1  2 |
---------------+-------+-----
Axes           | 3 |  3.8
Fighting       | |  3.5
Dodging        | |  3.0
Shields        | |  3.0

Action                     |  1- 3 |  4- 6 || total
---------------------------+-------+-------++-------
  Melee: War axe           |    64 |       ||    64
         Constrict         |    11 |       ||    11
         Tentacles         |    10 |       ||    10
         Punch             |     1 |       ||     1
    Use: Potion            |       |     1 ||     1
   Stab: Sleeping          |     7 |       ||     7
 Armour: Skin              |    16 |     1 ||    17
  Dodge: Dodged            |    36 |       ||    36
  Block: Buckler           |    13 |       ||    13

Table legend: (Time is in decaauts)
 A = Elapsed time spent in this place.
 B = Non-inter-level travel time spent in this place.
 C = Inter-level travel time spent in this place.
 D = Time resting spent in this place.
 E = Time spent auto-exploring this place.
 F = Levels seen in this place.
 G = Mean time per level.
                   A        B        C        D        E       F      G
               +--------+--------+--------+--------+--------+-----+--------+
         Total |   1500 |   1432 |     68 |     54 |   1118 |   3 |  500.0 |
       Dungeon |   1500 |   1432 |     68 |     54 |   1118 |   3 |  500.0 |
               +--------+--------+--------+--------+--------+-----+--------+

Top non-repeatable levels by time:
     D:1: 835 daAuts
     D:2: 551 daAuts
     D:3: 114 daAuts

Levels and vault maps discovered:
D:1:      onia_arrival_mini_spirals, layout_loops_cross,
          shapermc_ecumenical_altar_totnotflames
D:2:      layout_basic, minmay_crystal_room
D:3:      minmay_chambers_of_threes, layout_basic, uniq_crazy_yiuf_cottage

Table legend: (Time is in decaauts)
 A = Elapsed time spent in this place.
 B = Non-inter-level travel time spent in this place.
 C = Inter-level travel time spent in this place.
 D = Time resting spent in this place.
 E = Time spent auto-exploring this place.
 F = Levels seen in this place.
 G = Mean time per level.
                   A        B        C        D        E       F      G
               +--------+--------+--------+--------+--------+-----+--------+
         Total |   1500 |   1432 |     68 |     54 |   1118 |   3 |  500.0 |
       Dungeon |   1500 |   1432 |     68 |     54 |   1118 |   3 |  500.0 |
               +--------+--------+--------+--------+--------+-----+--------+

Top non-repeatable levels by time:
     D:1: 835 daAuts
     D:2: 551 daAuts
     D:3: 114 daAuts

Table legend:
 A = Kills in this place as a percentage of kills in the entire game.
 B = Kills by you in this place as a percentage of kills by you in the entire game.
 C = Kills by friends in this place as a percentage of kills by friends in the entire game.
 D = Other kills in this place as a percentage of other kills in the entire game.
 E = Experience gained in this place as a percentage of experience gained in the entire game.
 F = Experience gained in this place divided by the number of levels of this place that you have seen.
                   A       B       C       D       E      F
               +-------+-------+-------+-------+-------+----------------------
         Total | 100.0 | 100.0 |   N/A |   N/A | 100.0 |  31.3
       Dungeon | 100.0 | 100.0 |   N/A |   N/A | 100.0 |  31.3
               +-------+-------+-------+-------+-------+----------------------
